 Dungeon Crawl Stone Soup version 0.31-a0-672-g7da72447bb (webtiles) character file.

Game seed: 14799544469417556802

5564 randomguy2701 the Cleaver (level 10, -2/97 HPs)
             Began as a Hill Orc Fighter on Sept 4, 2023.
             Was a Believer of Beogh.
             Constricted to death by Urug (7 damage)
             ... on level 10 of the Dungeon.
             The game lasted 00:13:29 (9814 turns).

randomguy2701 the Cleaver (Hill Orc Fighter)        Turns: 9814, Time: 00:13:29

Health: -2/97      AC: 16    Str: 20    XL:     10   Next: 72%
Magic:  10/10      EV:  4    Int:  8    God:    Beogh [**....]
Gold:   526        SH:  6    Dex: 14    Spells: 9/9 levels left

rFire   . . .        p - +0 hand axe (elec)
rCold   . . .        c - +0 buckler
rNeg    . . .        o - +0 plate armour
rPois   .            (no helmet)
rElec   .            n - scarf {repulsion}
rCorr   .            y - +0 pair of gloves
SInv    .            z - +0 pair of boots
Will    .....        (no amulet) Stlth
                     a - +4 ring of slaying
HPRegen 0.36/turn    (no ring)
MPRegen 0.12/turn

%: repel missiles
@: mighty, grasped by roots, constricted, studying Fighting
A: no striking features
a: Renounce Religion, Smiting


You were on level 10 of the Dungeon.
You worshipped Beogh.
Beogh was pleased with you.
You visited 2 branches of the dungeon, and saw 11 of its levels.
You also visited: Ossuary.

You collected 526 gold pieces.

Inventory:

Hand Weapons
 p - a +0 hand axe of electrocution (weapon)
 M - a +0 orcbow
Armour
 c - a +0 buckler (worn)
 n - a scarf of repulsion (worn)
 o - a +0 plate armour (worn)
 y - a +0 pair of gloves (worn)
 z - a +0 pair of boots (worn)
Jewellery
 a - a +4 ring of slaying (left hand)
 L - a ring of fire
Wands
 A - a wand of flame (14)
 F - a wand of quicksilver (3)
 G - a wand of paralysis (9)
 J - a wand of roots (11)
Scrolls
 d - a scroll of immolation {unknown}
 g - a scroll of noise {unknown}
 h - 2 scrolls of blinking {unknown}
 i - 3 scrolls of enchant weapon {unknown}
 j - 4 scrolls of poison {unknown}
 k - 15 scrolls of identify {unknown}
 l - 5 scrolls of teleportation {unknown}
 q - a scroll of butterflies {unknown}
 r - 3 scrolls of fear {unknown}
 t - 2 scrolls of revelation {unknown}
 B - 3 scrolls of brand weapon {unknown}
 C - 3 scrolls of amnesia {unknown}
 D - 2 scrolls of fog {unknown}
 K - a scroll of torment {unknown}
Potions
 b - a potion of berserk rage {unknown}
 e - a potion of lignification
 f - a potion of resistance
 m - 4 potions of enlightenment {unknown}
 s - 2 potions of haste {unknown}
 u - 3 potions of curing
 v - 2 potions of brilliance {unknown}
 w - a potion of magic {unknown}
 x - a potion of invisibility {unknown}
 E - 3 potions of mutation {unknown}
 H - a potion of heal wounds {unknown}


   Skills:
 + Level 11.8 Fighting
 + Level 13.5 Axes
 + Level 8.7 Armour
 + Level 2.1 Dodging
 + Level 1.3 Stealth
 + Level 6.6 Shields
 + Level 0.1 Evocations


You had 9 spell levels left.
You didn't know any spells.
Your spell library contained the following spells:

 Spells                   Type           Power      Damage    Failure   Level
 Summon Small Mammal      Summ           0%         N/A       100%        1
 Call Canine Familiar     Summ           0%         N/A       100%        3
 Hailstorm                Conj/Ice       0%         3d3       100%        3
 Summon Guardian Golem    Hex/Summ       0%         N/A       100%        3
 Cause Fear               Hex            0%         N/A       100%        4
 Summon Ice Beast         Ice/Summ       0%         N/A       100%        4
 Fireball                 Conj/Fire      0%         3d3       100%        5
 Summon Forest            Summ/Tloc      0%         N/A       100%        5
 Summon Mana Viper        Hex/Summ       0%         N/A       100%        5
 Eringya's Noxious Bog    Tmut/Pois      0%         4d6       100%        6
 Simulacrum               Ice/Necr       0%         N/A       100%        6
 Monstrous Menagerie      Summ           0%         N/A       100%        7
 Summon Hydra             Summ           0%         N/A       100%        7
 Dragon's Call            Summ           0%         N/A       100%        9


Dungeon Overview and Level Annotations

Branches:
Dungeon (10/15)            Temple (0/1) D:7            Lair (1/5) D:8
Ossuary (visited)
    Orc: D:9-12

Altars:
Cheibriados
Elyvilon
Makhleb
Nemelex Xobeh
Okawaru
Trog
Xom

Annotations:
D:10 Urug


Message History

You block Urug's attack.
You slash Urug!
Urug is moderately wounded.
Urug grins evilly.
Urug hits you with a +3 demon trident!
You slash Urug!
Urug is heavily wounded.
Urug hits you with a +3 demon trident!
You closely miss Urug.
Urug is heavily wounded.
You hit Urug but do no damage.
Urug is heavily wounded.
Urug hits you with a +3 demon trident!!
* * * LOW HITPOINT WARNING * * *
You barely miss Urug.
Urug is heavily wounded.
Urug hits you with a +3 demon trident.
* * * LOW HITPOINT WARNING * * *
You slash Urug!
Urug is severely wounded.
You hit Urug but do no damage.
Urug is severely wounded.
Urug zaps a wand.
The roots erupt in riotous growth!
The grasping roots grab you!
Urug is unaffected.
The grasping roots constrict you.
You hit Urug but do no damage.
Urug is severely wounded.
Urug hits you but does no damage. The grasping roots constrict you!
* * * LOW HITPOINT WARNING * * *
You slash Urug!
Urug is severely wounded.
You hit Urug.
Urug is almost dead.
Urug hits you but does no damage. The grasping roots constrict you.
You hit Urug but do no damage.
Urug is almost dead.
Urug hits you but does no damage. The grasping roots constrict you!
You die...
Urug says, "One more harpy dead."
Beogh appreciates Urug's killing of a heretic priest.

.........#.......#
#.........#.......#
#.........#.......#
.........'.......#
.........#.......#
#....##.##..##...#
....##.##+###...#
... ............#
.. .......@....#
.......?o....#
..######+##+###


You could see Urug.

Vanquished Creatures
  Sonja (D:10)
  Jeremiah (D:7)
  Maggie (D:9)
  Prince Ribbit (D:8)
  Sigmund (D:4)
  3 wyverns (D:9)
  A steam dragon (D:7)
  Menkaure (D:7)
  Edmund (D:5)
  A water moccasin (D:8)
  An orc warrior (D:8)
  A sky beast (D:8)
  An ice beast (D:8)
  A centaur (D:8)
  A phantom (D:5)
  An elf zombie (D:8)
  A kobold brigand (D:8)
  4 bullfrogs
  3 gnoll sergeants
  2 scorpions
  2 elf skeletons (D:8)
  2 wights (D:7)
  9 killer bees
  A troll zombie (Ossuary)
  4 howler monkeys
  4 centaur zombies (Ossuary)
  2 human zombies (D:8)
  4 hounds
  A gnoll bouda (D:5)
  4 jellies
  2 sleepcaps
  8 iguanas
  3 orc wizards
  7 mummies (Ossuary)
  17 gnolls
  8 adders
  3 white imps
  5 ufetubi
  3 adder zombies (Ossuary)
  5 worms
  A dart slug (D:2)
  22 orcs
  2 bats
  6 endoplasms
  2 giant cockroaches
  10 goblins
  9 hobgoblins
  A quokka (D:2)
  8 ball pythons
  13 frilled lizards
  2 goblin zombies (Ossuary)
  6 hobgoblin zombies (Ossuary)
  10 kobolds
  4 kobold zombies (Ossuary)
  An orc zombie (D:8)
  9 quokka zombies (Ossuary)
  8 rats
  A rat zombie (Ossuary)
237 creatures vanquished.

Vanquished Creatures (others)
  A centaur (D:8)
  A wight (D:8)
  An orc priest (D:8)
  An orc wizard (D:8)
  A shadow imp (D:8)
  2 orcs (D:8)
7 creatures vanquished.

Grand Total: 244 creatures vanquished

Notes
Turn   | Place    | Note
-------+----------+-------------------------------------------
     0 | D:1      | randomguy2701 the Hill Orc Fighter began the quest for the
                  | Orb.
     0 | D:1      | Reached XP level 1. HP: 19/19 MP: 1/1
   276 | D:1      | Reached XP level 2. HP: 23/27 MP: 2/2
   457 | D:1      | Reached skill level 3 in Axes
   585 | D:1      | Reached XP level 3. HP: 33/33 MP: 3/3
  1091 | D:2      | Reached skill level 4 in Axes
  1091 | D:2      | Reached XP level 4. HP: 38/40 MP: 4/4
  1803 | D:3      | Reached skill level 5 in Axes
  1803 | D:3      | Reached XP level 5. HP: 43/47 MP: 5/5
  2401 | D:3      | Found an iron altar of Okawaru.
  2669 | D:4      | Reached XP level 6. HP: 47/53 MP: 6/6
  2864 | D:4      | Noticed Sigmund
  2891 | D:4      | Killed Sigmund
  2892 | D:4      | Reached skill level 5 in Fighting
  2892 | D:4      | Reached skill level 6 in Axes
  2892 | D:4      | Reached skill level 5 in Armour
  3101 | D:4      | Found a burning altar of Makhleb.
  3102 | D:4      | Found a snail-covered altar of Cheibriados.
  3102 | D:4      | Found a white marble altar of Elyvilon.
  3640 | D:5      | Entered Level 5 of the Dungeon
  3649 | D:5      | Reached skill level 7 in Axes
  3649 | D:5      | Reached XP level 7. HP: 50/61 MP: 7/7
  4091 | D:5      | Noticed Edmund
  4108 | D:5      | Killed Edmund
  4109 | D:5      | Reached skill level 8 in Axes
  4109 | D:5      | Reached XP level 8. HP: 36/73 MP: 8/8
  5048 | D:6      | Reached skill level 1 in Stealth
  5253 | D:6      | Reached skill level 5 in Shields
  5296 | D:6      | Reached skill level 9 in Axes
  5801 | D:7      | Found a staircase to the Ecumenical Temple.
  5811 | D:7      | Noticed Jeremiah
  5925 | D:7      | Reached skill level 1 in Dodging
  6035 | D:7      | Reached XP level 9. HP: 66/81 MP: 9/9
  6217 | D:7      | Noticed Menkaure
  6224 | D:7      | Killed Menkaure
  6225 | D:7      | Reached skill level 10 in Axes
  6433 | D:7      | Killed Jeremiah
  6758 | D:8      | Became a worshipper of Beogh the Brigand
  6996 | D:8      | Found a staircase to the Lair.
  7036 | D:8      | Noticed Prince Ribbit
  7042 | D:8      | Reached skill level 11 in Axes
  7063 | D:8      | Reached skill level 10 in Fighting
  7067 | D:8      | Killed Prince Ribbit
  7325 | D:8      | Reached XP level 10. HP: 77/93 MP: 10/10
  7329 | D:8      | Found a sparkling altar of Nemelex Xobeh.
  7368 | D:8      | Found a shimmering altar of Xom.
  7369 | D:8      | Found a shimmering altar of Xom.
  7369 | D:8      | Found a shimmering altar of Xom.
  7377 | D:8      | Found a shimmering altar of Xom.
  7377 | D:8      | Found a shimmering altar of Xom.
  7377 | D:8      | Found a shimmering altar of Xom.
  7377 | D:8      | Found a shimmering altar of Xom.
  7385 | D:8      | Reached * piety under Beogh
  7423 | D:8      | Reached skill level 12 in Axes
  7442 | D:8      | Found a sand-covered staircase.
  7447 | Ossuary  | Entered an ossuary
  7762 | Ossuary  | Reached ** piety under Beogh
  7878 | D:8      | Found a shimmering altar of Xom.
  8012 | D:8      | You fall into a shaft and drop 1 floor!
  8032 | D:9      | Found a bloodstained altar of Trog.
  8182 | D:9      | Noticed Maggie
  8227 | D:9      | Killed Maggie
  8534 | D:8      | a golden eye changed into a harpy
  8534 | D:8      | Noticed a harpy (shapeshifter)
  8667 | D:8      | Noticed an eye of devastation
  8856 | D:9      | Reached skill level 13 in Axes
  9589 | Lair:1   | Entered Level 1 of the Lair of Beasts
  9594 | Lair:1   | Noticed a black mamba
  9631 | D:10     | Entered Level 10 of the Dungeon
  9703 | D:10     | Noticed Sonja
  9713 | D:10     | Killed Sonja
  9790 | D:10     | Noticed Urug
  9811 | D:10     | HP: 4/97 [constriction (7)]
  9814 | D:10     | Constricted to death by Urug

Illustrated notes

Levels and vault maps discovered:
D:1:      nzn_arrival_crosshair, layout_loops_corners
D:2:      layout_rooms, hex_medium, minmay_tetromino_o2
D:3:      layout_basic, okawaru_altar_gauntlet_db, hangedman_decor_points,
          chequers_serial_rivers_large_a
D:4:      layout_gridville, chequers_temple_overflow_statue_of_worship,
          minmay_lizard_king, uniq_sigmund
D:5:      layout_gridville, serial_demonic, serial_demonic_c, serial_demonic_b,
          serial_demonic_g, serial_demonic_e,
          amcnicky_mini_rare_corridor_liquid, minmay_starry_boxes, uniq_edmund
D:6:      layout_cave_pods
D:7:      layout_basic, minmay_temple_entry_glassed_door, uniq_menkaure,
          uniq_jeremiah
D:8:      layout_rooms, nemelex_xobeh_ov_fountains_minmay, xom_shifter_show,
          dpeg_oklobed_lair, nicolae_ossuary_entry_catacombs,
          minmay_misc_feat_encased, uniq_prince_ribbit1
D:9:      layout_basic, mainiacjoe_overflow_alcove_4, uniq_maggie
D:10:     layout_gridville, zin_treasury, uniq_urug, uniq_fannar, uniq_sonja
Lair:1:   layout_cave_pods, portal_ice_cave_entry_pillars_1,
          chequers_serial_rivers_room_b, minivault_11, kennysheep_snail_temple

Skill      XL: |  1  2  3  4  5  6  7  8  9 10 |
---------------+-------------------------------+-----
Fighting       | 4 5 7 8 10 11 | 11.8
Axes           | 3 4 5 7 8 9 11 13 | 13.5
Armour         | 4 5 6 7 8 |  8.7
Shields        | 4 5 6 |  6.6
Stealth        | 1 |  1.3
Dodging        | 1 2 |  2.1
Evocations     | |  0.1

Action                     |  1- 3 |  4- 6 |  7- 9 | 10-12 || total
---------------------------+-------+-------+-------+-------++-------
  Melee: War axe           |   117 |    78 |       |       ||   195
         Hand axe          |       |    94 |   264 |   217 ||   575
 Invoke: Convert to Beogh  |       |       |     1 |       ||     1
  Evoke: Wand              |       |       |       |     4 ||     4
    Use: Potion            |       |       |     4 |     1 ||     5
   Stab: Paralysed         |       |       |       |     3 ||     3
 Armour: Scale mail        |    92 |    11 |       |       ||   103
         Plate armour      |       |   117 |   219 |   107 ||   443
         Skin              |       |       |    46 |       ||    46
  Dodge: Dodged            |    71 |    32 |    65 |    57 ||   225
         Repelled          |       |     1 |       |       ||     1
  Block: Buckler           |    26 |    33 |    73 |    32 ||   164

Table legend: (Time is in decaauts)
 A = Elapsed time spent in this place.
 B = Non-inter-level travel time spent in this place.
 C = Inter-level travel time spent in this place.
 D = Time resting spent in this place.
 E = Time spent auto-exploring this place.
 F = Levels seen in this place.
 G = Mean time per level.
                   A        B        C        D        E       F      G
               +--------+--------+--------+--------+--------+-----+--------+
         Total |   9803 |   9207 |    596 |      0 |   7548 |  12 |  816.9 |
       Dungeon |   9398 |   8802 |    596 |      0 |   7286 |  10 |  939.8 |
          Lair |     10 |     10 |      0 |      0 |      4 |   1 |   10.0 |
       Ossuary |    394 |    394 |      0 |      0 |    258 |   1 |  394.0 |
               +--------+--------+--------+--------+--------+-----+--------+

Top non-repeatable levels by time:
     D:9: 1324 daAuts
     D:7: 1275 daAuts
     D:5: 1136 daAuts
     D:3: 1105 daAuts
     D:4: 1072 daAuts
     D:6: 1071 daAuts
     D:1: 883 daAuts
     D:8: 691 daAuts
     D:2: 663 daAuts
 Ossuary: 394 daAuts
    D:10: 175 daAuts
  Lair:1: 10 daAuts
